 Dungeon Crawl Stone Soup version 0.19-a0-1883-gc9e4fd8 (webtiles) character file.

711 scalarboson the Shield-Bearer (level 7, -3/61 HPs)
             Began as a Minotaur Fighter on Oct 14, 2016.
             Succumbed to an orc's poison
             ... on level 4 of the Dungeon.
             The game lasted 00:05:05 (3061 turns).

scalarboson the Shield-Bearer (Minotaur Fighter)    Turns: 3061, Time: 00:05:05

Health: -3/61      AC: 11    Str: 28    XL:     7   Next: 40%
Magic:  6/6        EV:  7    Int:  5    God:
Gold:   182        SH: 11    Dex:  9    Spells: 0 memorised, 6 levels left

rFire  . . .     SeeInvis .     a - +1 long sword
rCold  . . .     Gourm    .     h - +0 chain mail
rNeg   + . .     Faith    .     c - +0 shield
rPois  .         Spirit   .     n - +0 hat
rElec  .         Dismiss  .     q - +0 cloak
rCorr  .         Reflect  .     (no gloves)
MR     .....     Harm     .     (no boots)
Stlth  ..........               (no amulet)
                                (no ring)
                                m - ring of positive energy

@: mighty, lethally poisoned (-3 -> -51)
A: retaliatory headbutt, horns 2
a: no special abilities


You were on level 4 of the Dungeon.
You were hungry.

You visited 1 branch of the dungeon, and saw 4 of its levels.

You collected 182 gold pieces.

Inventory:

Hand Weapons
 a - a +1 long sword (weapon)
Armour
 c - a +0 shield (worn)
 h - a +0 chain mail (worn)
 n - a +0 hat (worn)
 q - a +0 cloak (worn)
Jewellery
 m - a ring of positive energy (left hand)
 p - an uncursed ring of positive energy
Scrolls
 e - a scroll of fog
 j - a scroll of magic mapping
Potions
 l - a potion of flight
Comestibles
 f - 2 bread rations
 g - 5 meat rations
 i - a slice of pizza
 k - 5 fruits
 o - a royal jelly


   Skills:
 + Level 5.2 Fighting
 + Level 6.1 Long Blades
 + Level 5.8 Armour
 + Level 6.4 Shields


You had 6 spell levels left.
You didn't know any spells.

Dungeon Overview and Level Annotations

Branches:
Dungeon (4/15)
 Temple: D:4-7

Altars:
Makhleb
Xom


Innate Abilities, Weirdness & Mutations

You reflexively headbutt those who attack you in melee.
You have a pair of horns on your head.


Message History

You feel very sick. The orc hits you but does no damage.
You are more poisoned.
You slash the orc!
You kill the orc!
* * * LOW HITPOINT WARNING * * *
You feel very sick.
Okay, then.
* * * LOW HITPOINT WARNING * * *
You feel very sick.
Things that are here:
a scythe; a robe; a crooked silver wand There isn't anything to butcher here.
There is a lethal amount of poison in your body!
Okay, then.
Okay, then.
As you read the scroll labeled QALOONL LIES, it crumbles to dust.
It is a scroll of identify.
p - an uncursed ring of positive energy You die...

#........#
#####..### .#
####..# .# #.....#
.# #.###.# .# # #.#
.# #.# .#
#.###.######.######
#.....>...@))......
#####.######.....$.
#.# ####### #.# #.#
#.# #.# #.


There were no monsters in sight!

Vanquished Creatures
  Grinder (D:3)
  Sigmund (D:4)
  A bullfrog (D:3)
  A crimson imp (D:3)
  Crazy Yiuf (D:2)
  Jessica (D:2)
  Ijyb (D:2)
  An orc wizard (D:4)
  4 adders
  An ooze (D:2)
  3 worms
  3 dart slugs (D:1)
  5 leopard geckos
  5 orcs
  A ball python (D:3)
  14 bats
  3 giant cockroaches (D:3)
  5 goblins
  9 hobgoblins
  6 jackals
  6 frilled lizards
  8 kobolds
  13 rats
94 creatures vanquished.

Notes
Turn   | Place    | Note
-------+----------+-------------------------------------------
     0 | D:1      | scalarboson the Minotaur Fighter began the quest for the Orb.
     0 | D:1      | Reached XP level 1. HP: 19/19 MP: 0/0
   147 | D:1      | Reached XP level 2. HP: 27/27 MP: 1/1
   743 | D:2      | Reached XP level 3. HP: 31/33 MP: 2/2
   766 | D:2      | Noticed Ijyb
   773 | D:2      | Killed Ijyb
   804 | D:2      | Reached XP level 4. HP: 40/40 MP: 3/3
  1010 | D:2      | Found a runed door.
  1050 | D:2      | Noticed Jessica
  1068 | D:2      | Killed Jessica
  1438 | D:2      | Noticed Crazy Yiuf
  1445 | D:2      | Killed Crazy Yiuf
  1445 | D:2      | Reached XP level 5. HP: 27/46 MP: 4/4
  1640 | D:3      | Reached skill level 5 in Armour
  1640 | D:3      | Reached skill level 5 in Shields
  1863 | D:3      | Noticed Grinder
  1870 | D:3      | Paralysed by Grinder for 6 turns
  1893 | D:3      | Killed Grinder
  1893 | D:3      | Reached skill level 5 in Long Blades
  1893 | D:3      | Reached XP level 6. HP: 16/55 MP: 5/5
  2113 | D:3      | Found a shimmering altar of Xom.
  2113 | D:3      | Found a burning altar of Makhleb.
  2441 | D:3      | Reached skill level 5 in Fighting
  2613 | D:3      | Reached XP level 7. HP: 61/61 MP: 6/6
  3044 | D:4      | Noticed Sigmund
  3049 | D:4      | Killed Sigmund
  3060 | D:4      | HP: 1/61 [poisoned by an orc]
  3061 | D:4      | Succumbed to an orc's poison

Vault maps used:
D:1:      dpeg_arrival_central
D:2:      eino_tiny_chamber, uniq_iyjb, uniq_crazy_yiuf_cottage, uniq_jessica
D:3:      grunt_temple_overflow_champion_of_chaos, first_bread,
          minmay_divided_ellipse, uniq_grinder
D:4:      cheibrodos_thug_alley, uniq_sigmund

Skill      XL: |  1  2  3  4  5  6  7 |
---------------+----------------------+-----
Armour         | 4 5 |  5.8
Shields        | 4 5 6 |  6.4
Fighting       | 4 5 |  5.2
Long Blades    | 3 4 5 6 |  6.1

Action                   |  1- 3 |  4- 6 |  7- 9 || total
-------------------------+-------+-------+-------++-------
Melee: Long sword        |    84 |   172 |    34 ||   290
       Headbutt          |    10 |    14 |     3 ||    27
  Use: Scroll            |       |     7 |     1 ||     8
       Potion            |       |     3 |     1 ||     4
  Eat: Chunk             |       |     6 |     1 ||     7
Armor: Scale mail        |    46 |    43 |       ||    89
       Chain mail        |       |    38 |    24 ||    62
Dodge: Dodged            |    40 |    46 |     6 ||    92
Block: Shield            |    47 |    99 |    21 ||   167
       Rpst.: Long sword |    12 |    12 |     1 ||    25
